 Dungeon Crawl Stone Soup version 0.19.5 (webtiles) character file.

54 empire the Grave Robber (level 3, 0/26 HPs)
             Began as a Mummy Necromancer on Mar 7, 2017.
             Slain by an adder (3 damage)
             ... on level 2 of the Dungeon.
             The game lasted 00:04:53 (1874 turns).

empire the Grave Robber (Mummy Necromancer)         Turns: 1874, Time: 00:04:54

Health: 0/26       AC:  2    Str: 11    XL:     3   Next: 66%
Magic:  1/6        EV: 12    Int: 15    God:
Gold:   32         SH:  0    Dex: 12    Spells: 2 memorised, 4 levels left

rFire  x . .     SeeInvis .     b - +0 dagger
rCold  + . .     Gourm    .     e - +0 robe
rNeg   + + +     Faith    .     (no shield)
rPois  ∞         Spirit   .     (no helmet)
rElec  .         Reflect  .     (no cloak)
rCorr  .         Harm     .     (no gloves)
MR     .....                    (no boots)
Stlth  ++........               (no amulet)
                                (no ring)
                                (no ring)

@: no status effects
A: no food or potions, fire vulnerability, cold resistance 1, negative energy
resistance 3, torment resistance, unbreathing
a: no special abilities


You were on level 2 of the Dungeon.
You were not hungry.

You visited 1 branch of the dungeon, and saw 2 of its levels.

You collected 32 gold pieces.

Inventory:

Hand Weapons
 a - a +0 mace
 b - a +0 dagger (weapon)
Armour
 e - a +0 robe (worn)
Jewellery
 k - a +6 amulet of reflection {unknown}
Scrolls
 c - 2 scrolls of enchant weapon {unknown}
 d - a scroll of enchant armour {unknown}
 f - a scroll of remove curse {unknown}
 g - 2 scrolls of identify {unknown}
 i - a scroll of teleportation {unknown}
 j - a scroll of random uselessness {unknown}
 l - a scroll of amnesia {unknown}
 m - a scroll of fog {unknown}
Books
 h - a book of Necromancy

   Spells                             Type                      Level
   a - Pain                           Necromancy                   1
   b - Animate Skeleton               Necromancy                   1
   c - Vampiric Draining              Necromancy                   3
   d - Regeneration                   Charms/Necromancy            3
   e - Animate Dead                   Necromancy                   4
   f - Control Undead                 Necromancy                   4
 n - a book of Cantrips

   Spells                             Type                      Level
   a - Confusing Touch                Hexes                        1
   b - Animate Skeleton               Necromancy                   1
   c - Summon Small Mammal            Summoning                    1
   d - Apportation                    Translocation                1


   Skills:
 + Level 1.1 Fighting
 + Level 2.3 Dodging
 - Level 1.5 Stealth
 - Level 2.0 Spellcasting
 * Level 4.7 Necromancy


You had 4 spell levels left.
You knew the following spells:

 Your Spells              Type           Power        Failure   Level  Hunger
a - Pain                  Necr           ###.         3%          1    N/A
b - Animate Skeleton      Necr           N/A          3%          1    N/A

Dungeon Overview and Level Annotations

Branches:
Dungeon (2/15)

Altars:


Innate Abilities, Weirdness & Mutations

You do not eat or drink.
Your flesh is vulnerable to fire.
You are immune to poison.
Your flesh is cold resistant. (rC+)
You are immune to negative energy. (rN+++)
You are immune to unholy pain and torment.
You can survive without breathing.


Message History

Unknown command.
You hit the adder.
The adder is almost dead.
The adder misses you.
You miss the adder.
The adder is almost dead.
The adder misses you. The adder bites you.
You barely miss the adder.
The adder is almost dead.
The adder bites you.
You closely miss the adder.
The adder is almost dead.
The adder bites you.
* * * LOW HITPOINT WARNING * * *
You closely miss the adder.
The adder is almost dead.
The adder bites you.
* * * LOW HITPOINT WARNING * * *
The adder bites you.
You die...

.#.####.#..Z# .#.#
#)##### .#.# #.#
.#.# #.# .#.# #.#
.#.####.# .#.#....#
.#.#.####.%#.######
.#.#.# .....sS@.#
...#.# ########.#
.###.# #.# >###.#
##.# ...#.# #..#
.#.#.# ##.## .#.#.#
#..# .#.#.# ##.##
.#.#.#########..#


You could see an adder and a giant cockroach.

Vanquished Creatures
  2 adders (D:2)
  An ooze (D:1)
  A dart slug (D:1)
  3 bats
  2 goblins (D:2)
  3 hobgoblins
  A quokka (D:2)
  3 frilled lizards
  6 kobolds
  3 rats (D:1)
25 creatures vanquished.

Vanquished Creatures (collateral kills)
  An ooze (D:2)
  A bat (D:2)
2 creatures vanquished.

Grand Total: 27 creatures vanquished

Notes
Turn   | Place    | Note
-------+----------+-------------------------------------------
     0 | D:1      | empire the Mummy Necromancer began the quest for the Orb.
     0 | D:1      | Reached XP level 1. HP: 13/13 MP: 3/3
   198 | D:1      | Reached XP level 2. HP: 20/20 MP: 1/5
  1183 | D:2      | Learned a level 1 spell: Animate Skeleton
  1356 | D:2      | Reached XP level 3. HP: 25/25 MP: 2/6
  1598 | D:2      | Reached skill level 1 in Fighting
  1874 | D:2      | Slain by an adder

Skill      XL: |  1  2  3 |
---------------+----------+-----
Dodging        | 2 |  2.3
Fighting       | 1 |  1.1
Stealth        | |  1.5
Spellcasting   | |  2.0
Necromancy     | |  4.7

Action                   || total
-------------------------++-------
Melee: Whip              ||     6
       Mace              ||    25
       Dagger            ||    37
 Cast: Pain              ||    34
       Animate Skeleton  ||     4
 Stab: Sleeping          ||     1
Armor: Robe              ||    14
Dodge: Dodged            ||    60
